 Dungeon Crawl Stone Soup version 0.31-a0-152-g6aa68a64a1 (webtiles) character file.

Game seed: 5429301780368844796

4 qw the Shooter (level 1, 0/19 HPs)
             Began as a Naga Hunter on June 10, 2023.
             Slain by a jackal (2 damage)
             ... on level 1 of the Dungeon.
             The game lasted 00:00:03 (144 turns).

qw the Shooter (Naga Hunter)                         Turns: 144, Time: 00:00:04

Health: 0/19       AC:  1    Str: 13    XL:     1   Next: 70%
Magic:  1/1        EV:  9    Int:  9    God:
Gold:   7          SH:  0    Dex: 14    Spells: 0/0 levels left

rFire   . . .        a - +0 shortbow
rCold   . . .        (shield currently unavailable)
rNeg    . . .        c - +0 leather armour
rPois   +            (no helmet)
rElec   .            (no cloak)
rCorr   .            (no gloves)
SInv    +            (no barding)
Will    .....        (no amulet)
Stlth   ++           (no ring)
HPRegen 0.23/turn    (no ring)
MPRegen 0.07/turn

%: no passive effects
@: short of breath, very slow
A: AC +0, large, see invisible, deformed body, poison resistance, slowness 2,
spit poison 1, naga tail 1
a: Spit Poison


You were on level 1 of the Dungeon.
You visited 1 branch of the dungeon, and saw 1 of its levels.

You collected 7 gold pieces.


Innate Abilities, Weirdness & Mutations

Your serpentine skin is tough. (AC +0)
You have supernaturally acute eyesight. (SInv)
Armour fits poorly on your strangely shaped body.
Your system is resistant to poisons. (rPois)
You cover ground very slowly.
You can spit poison.
You have a snake-like lower body.


   Skills:
 - Level 2.0 Fighting
 + Level 3.9 Ranged Weapons
 - Level 1.5 Dodging
 - Level 1.5 Stealth


You couldn't memorise any spells.
You didn't know any spells.
Your spell library was empty.

Inventory:

Hand Weapons
 a - a +0 shortbow (weapon)
Armour
 c - a +0 leather armour (worn)
Jewellery
 f - an amulet of reflection
Scrolls
 b - a scroll of butterflies
Potions
 d - 2 potions of curing {unknown}
 e - a potion of might {unknown}

Dungeon Overview and Level Annotations

Branches:
Dungeon (1/15)

Altars:


Message History

Enter note:
136 ||| INVOKING Spit Poison.
Aiming: Spit Poison (3% risk of failure)
Press: ? - help, Shift-Dir - straight line, f - kobold The splash of poison misses the kobold.
The jackal barks!
The kobold shouts!
You shoot an arrow. The arrow closely misses the jackal.
The jackal barks!
A ball python comes into view.
You shoot an arrow. The ball python hisses angrily.
The arrow hits the jackal.
The jackal is heavily wounded.
The jackal barely misses you.
You shoot an arrow. The arrow hits the jackal.
The jackal is severely wounded.
The jackal bites you. x3
You shoot an arrow. The arrow hits the jackal.
The jackal is almost dead.
You have got your breath back.
The jackal bites you. x2; The jackal closely misses you.
The jackal bites you.
141 ||| INVOKING Spit Poison.
Aiming: Spit Poison (3% risk of failure)
Press: ? - help, Shift-Dir - straight line, f/p - jackal The splash of poison hits the jackal.
The jackal is poisoned.
You kill the jackal!
The jackal bites you. x2
You shoot an arrow. The arrow barely misses the jackal.
The jackal misses you. The jackal barely misses you. The jackal bites you.
The jackal barely misses you.
You shoot an arrow. The arrow barely misses the jackal.
The jackal bites you. x2
The ball python bites you but does no damage.
The jackal closely misses you.
You shoot an arrow. The arrow hits the jackal.
The jackal is moderately wounded.
The jackal closely misses you.
The ball python bites you but does no damage.
The jackal closely misses you. The jackal bites you.
You die...

..# #.:..).)..
#.####.#######. ....##.#
#. #.#.##.# #. #.#.##.#
####' #.#.##.# #....
##########.#.##.# #....
......h....#.##.####....
......S@%..........+....
...#..h#####.##.####....
#.#K #.#..# ##### .. ..
).#.## # #. ... .###.# #
# #.#. .. #.# # #.#. .#
#.# # #..... #.# # #.# #


You could see 2 jackals, a ball python and a kobold.

Vanquished Creatures
  A goblin (D:1)
  A jackal (D:1)
  A ball python (D:1)
  2 rats (D:1)
5 creatures vanquished.

Notes
Turn   | Place    | Note
-------+----------+-------------------------------------------
     0 | D:1      | qw the Naga Hunter began the quest for the Orb.
     0 | D:1      | Reached XP level 1. HP: 19/19 MP: 1/1
     0 | D:1      | 0 ||| qw: Version: 0.2-a-123-gb51047a
     0 | D:1      | 0 ||| qw: Game counter: 3758
     0 | D:1      | 0 ||| qw: Always use a shield: true
     0 | D:1      | 0 ||| qw: God list: Okawaru
     0 | D:1      | 0 ||| qw: Allow faded altars: false
     0 | D:1      | 0 ||| qw: Do Orc after D:15 true
     0 | D:1      | 0 ||| qw: Do second Lair branch before Depths: true
     0 | D:1      | 0 ||| qw: Lair rune preference: random
     0 | D:1      | 0 ||| qw: Plans: Normal
     0 | D:1      | 0 ||| PLANNING D:1-11
    86 | D:1      | 86 ||| INVOKING Spit Poison.
   100 | D:1      | 100 ||| INVOKING Spit Poison.
   136 | D:1      | 136 ||| INVOKING Spit Poison.
   141 | D:1      | 141 ||| INVOKING Spit Poison.
   143 | D:1      | HP: 4/19 [jackal (1)]
   143 | D:1      | HP: 1/19 [jackal (3)]
   144 | D:1      | Slain by a jackal

Levels and vault maps discovered:
D:1:      lightli_arrival_windingriver, layout_basic,
          shapermc_ecumenical_altar_petra

Action                     || total
---------------------------++-------
   Fire: Shortbow          ||    13
Ability: Spit Poison       ||     4
 Armour: Leather armour    ||     2
  Dodge: Dodged            ||     8

Table legend:
 A = Non-vault XP
 B = Vault XP
 C = Vault XP percentage of total XP
 D = Non-vault monster count
 E = Vault monster count
 F = Vault count percentage of total count
                 A         B        C        D         E       F
            +---------+---------+-------+---------+---------+-------
      Total |       7 |       0 |   0.0 |       5 |       0 |   0.0
            +---------+---------+-------+---------+---------+-------
        D:1 |       7 |       0 |   0.0 |       5 |       0 |   0.0
            +---------+---------+-------+---------+---------+-------
